 Dungeon Crawl Stone Soup version 0.28.0-1-gb440e238dd (webtiles) character file.

Game seed: 17854881790219667349

88 croobank the Firebug (level 4, 0/32 HPs)
             Began as a Gnoll Fire Elementalist on Feb 21, 2022.
             Slain by a kobold (4 damage)
             ... on level 2 of the Dungeon.
             The game lasted 00:06:54 (1989 turns).

croobank the Firebug (Gnoll Fire Elementalist)      Turns: 1989, Time: 00:06:56

Health: 0/32       AC:  2    Str:  7    XL:     4   Next: 53%
Magic:  11/11      EV: 13    Int: 17    God:
Gold:   37         SH:  0    Dex: 12    Spells: 10/13 levels left

rFire   . . .      SeeInvis .   a - +3 dagger
rCold   . . .      Faith    .   (no shield)
rNeg    . . .      Spirit   .   j - +0 robe
rPois   .          Reflect  .   (no helmet)
rElec   .          Harm     .   (no cloak)
rCorr   +          Rampage  .   (no gloves)
Will    .....                   (no boots)
Stlth   ++........              (no amulet)
HPRegen 0.10/turn               i - ring of resist corrosion
MPRegen 0.12/turn               (no ring)

@: lethally poisoned (0 -> -6)
A: fangs 1, strong nose, distributed training
a: no special abilities


You were on level 2 of the Dungeon.
You visited 1 branch of the dungeon, and saw 2 of its levels.

You collected 37 gold pieces.

Inventory:

Hand Weapons
 a - a +3 dagger (weapon)
Missiles
 d - 48 stones
 e - 2 javelins
 o - 15 bolts
Armour
 c - a +0 buckler
 f - a +0 ring mail
 g - a +0 plate armour
 h - a +0 chain mail
 j - a +0 robe (worn)
 l - an orb of guile
 n - a +1 hat
Jewellery
 i - a ring of resist corrosion (left hand)
Scrolls
 b - a scroll of identify
Potions
 k - a potion of brilliance
 m - a potion of curing


   Skills:
 + Level 1.2 Fighting
 + Level 1.2 Short Blades
 + Level 1.2 Long Blades
 + Level 1.2 Axes
 + Level 1.2 Maces & Flails
 + Level 1.2 Polearms
 + Level 1.2 Staves
 + Level 1.2 Slings
 + Level 1.2 Bows
 + Level 1.2 Crossbows
 + Level 1.2 Throwing
 + Level 1.2 Armour
 + Level 4.6 Dodging
 + Level 4.3 Stealth
 + Level 1.2 Shields
 + Level 1.2 Unarmed Combat
 + Level 5.1 Spellcasting
 + Level 2.2 Conjurations
 + Level 1.0 Hexes
 + Level 1.0 Summonings
 + Level 1.0 Necromancy
 + Level 1.0 Translocations
 + Level 1.0 Transmutations
 + Level 5.5 Fire Magic
 + Level 1.0 Ice Magic
 + Level 1.0 Air Magic
 + Level 1.0 Earth Magic
 + Level 1.0 Poison Magic
 + Level 1.3 Invocations
 + Level 1.2 Evocations


You had 10 spell levels left.
You knew the following spells:

 Your Spells              Type           Power      Damage    Failure   Level
a - Foxfire               Conj/Fire      68%        2x1d7     2%          1
b - Scorch                Fire           46%        2d7       2%          2

Your spell library contained the following spells:

 Spells                   Type           Power      Damage    Failure   Level
 Magic Dart               Conj           48%        1d5       5%          1
 Conjure Flame            Conj/Fire      17%        6-21      9%          3
 Inner Flame              Hex/Fire       15%        N/A       11%         3
 Call Imp                 Summ           7%         N/A       14%         2
 Mephitic Cloud           Conj/Pois/Air  9%         N/A       24%         3
 Flame Wave               Conj/Fire      17%        2d6       28%         4


Dungeon Overview and Level Annotations

Branches:
Dungeon (2/15)

Altars:

Annotations:
D:2 Robin, Terence


Innate Abilities, Weirdness & Mutations

You have very sharp teeth.
Your uncanny sense of smell can sniff out nearby items.
Your experience applies equally to all skills.


Message History

The adder barely misses you.
The kobold hits you with a +0 short sword.
The adder closely misses you.
You hit the adder.
The adder is lightly wounded.
The adder completely misses you. The kobold closely misses you.
You barely miss the adder.
The adder is lightly wounded.
The adder barely misses you. The kobold hits you but does no damage.
You closely miss the adder.
The adder is lightly wounded.
The adder closely misses you. The kobold completely misses you.
The kobold hits you with a +0 short sword.
Okay, then.
Okay, then.
You hit the adder.
The adder is moderately wounded.
The adder closely misses you.
The kobold hits you with a +0 short sword.
The kobold drinks a potion.
The kobold is healed!
You closely miss the adder.
The adder is moderately wounded.
The adder bites you. The kobold barely misses you.
The adder bites you but does no damage. The kobold barely misses you.
You barely miss the adder.
The adder is moderately wounded.
The adder barely misses you.
The kobold hits you with a +0 short sword. x2
* * * LOW HITPOINT WARNING * * *
You hit the adder but do no damage. You bite the adder.
The adder is moderately wounded.
The adder completely misses you. The kobold hits you but does no damage.
The kobold closely misses you. The adder bites you.
* * * LOW HITPOINT WARNING * * *
You are lethally poisoned!
The adder poisons you! The kobold closely misses you.
The adder bites you but does no damage.
The kobold hits you with a +0 short sword.
You die...

#....#).Kgg.. #...#
#.....##########...#
#...$).............# ∆
####.....÷##########..#
+...................... #.#
...^
#.......#.#K######.....
..+...... #.###...#g#.#
#..... #.#......
#.#...SK#.#.## #.....
#.#.)g...
#.#...@$#g#..#####.....
#.#......
#.#...#K#.............†
#.#.§....
#.#.......##.##..K.....
.........
#.##.####.#...#...###..
...######
#.#........._...#.# #..
...##...# #.##......#...#.#
# #..
...##[..###.#.......##.##.#
#..
#.#.....'.#.#........K... .
#..
#.#.#)..#.#'#......###..@.
.


You could see an adder and 2 kobolds.

Vanquished Creatures
  Jessica (D:2)
  An adder (D:2)
  3 ball pythons (D:1)
  5 bats
  3 endoplasms
  2 giant cockroaches (D:1)
  11 goblins
  6 hobgoblins
  4 jackals (D:1)
  3 frilled lizards
  3 kobolds (D:1)
  4 rats
46 creatures vanquished.

Vanquished Creatures (others)
  57 foxfires
57 creatures vanquished.

Grand Total: 103 creatures vanquished

Notes
Turn   | Place    | Note
-------+----------+-------------------------------------------
     0 | D:1      | croobank the Gnoll Fire Elementalist began the quest for
                  | the Orb.
     0 | D:1      | Reached XP level 1. HP: 13/13 MP: 6/6
   555 | D:1      | Reached XP level 2. HP: 19/19 MP: 5/7
   560 | D:1      | Learned a level 2 spell: Scorch
   794 | D:1      | You fall into a shaft and drop 1 floor!
   866 | D:1      | Reached XP level 3. HP: 19/25 MP: 3/9
   960 | D:1      | Reached skill level 5 in Spellcasting
  1173 | D:1      | Reached skill level 1 in Invocations
  1555 | D:2      | Noticed Jessica
  1560 | D:2      | Killed Jessica
  1561 | D:2      | Reached skill level 1 in Fighting
  1561 | D:2      | Reached skill level 1 in Short Blades
  1561 | D:2      | Reached skill level 1 in Long Blades
  1561 | D:2      | Reached skill level 1 in Axes
  1561 | D:2      | Reached skill level 1 in Maces & Flails
  1561 | D:2      | Reached skill level 1 in Polearms
  1561 | D:2      | Reached skill level 1 in Staves
  1561 | D:2      | Reached skill level 1 in Slings
  1561 | D:2      | Reached skill level 1 in Bows
  1561 | D:2      | Reached skill level 1 in Crossbows
  1561 | D:2      | Reached skill level 1 in Throwing
  1561 | D:2      | Reached skill level 1 in Armour
  1561 | D:2      | Reached skill level 1 in Shields
  1561 | D:2      | Reached skill level 1 in Unarmed Combat
  1561 | D:2      | Reached skill level 1 in Evocations
  1561 | D:2      | Reached XP level 4. HP: 32/32 MP: 11/11
  1720 | D:2      | Noticed Robin
  1729 | D:2      | Found a faded altar of an unknown god.
  1737 | D:2      | Noticed Terence
  1964 | D:2      | Reached skill level 1 in Hexes
  1964 | D:2      | Reached skill level 1 in Summonings
  1964 | D:2      | Reached skill level 1 in Necromancy
  1964 | D:2      | Reached skill level 1 in Translocations
  1964 | D:2      | Reached skill level 1 in Transmutations
  1964 | D:2      | Reached skill level 1 in Ice Magic
  1964 | D:2      | Reached skill level 1 in Air Magic
  1964 | D:2      | Reached skill level 1 in Earth Magic
  1964 | D:2      | Reached skill level 1 in Poison Magic
  1989 | D:2      | Slain by a kobold

Illustrated notes

Levels and vault maps discovered:
D:1:      dpeg_arrival_three_smaller_balls, layout_basic
D:2:      layout_basic, ebering_ecumenical_altar_box, uniq_jessica, uniq_robin,
          uniq_terence

Skill      XL: |  1  2  3  4 |
---------------+-------------+-----
Conjurations   | 2 |  2.2
Spellcasting   | 5 |  5.1
Invocations    | 1 |  1.3
Fighting       | 1 |  1.2
Short Blades   | 1 |  1.2
Long Blades    | 1 |  1.2
Axes           | 1 |  1.2
Maces & Flails | 1 |  1.2
Polearms       | 1 |  1.2
Staves         | 1 |  1.2
Slings         | 1 |  1.2
Bows           | 1 |  1.2
Crossbows      | 1 |  1.2
Throwing       | 1 |  1.2
Armour         | 1 |  1.2
Shields        | 1 |  1.2
Unarmed Combat | 1 |  1.2
Evocations     | 1 |  1.2
Hexes          | 1 |  1.0
Summonings     | 1 |  1.0
Necromancy     | 1 |  1.0
Translocations | 1 |  1.0
Transmutations | 1 |  1.0
Ice Magic      | 1 |  1.0
Air Magic      | 1 |  1.0
Earth Magic    | 1 |  1.0
Poison Magic   | 1 |  1.0
Dodging        | |  4.6
Stealth        | |  4.3
Fire Magic     | |  5.5

Action                   |  1- 3 |  4- 6 || total
-------------------------+-------+-------++-------
Melee: Unarmed           |    19 |       ||    19
       Bite              |     2 |     2 ||     4
       Dagger            |    22 |    22 ||    44
       Punch             |     1 |     1 ||     2
 Cast: Foxfire           |    29 |     5 ||    34
       Scorch            |    11 |     4 ||    15
  Use: Scroll            |     3 |       ||     3
       Potion            |       |     2 ||     2
 Stab: Sleeping          |     4 |     2 ||     6
Armor: Robe              |     9 |     5 ||    14
Dodge: Dodged            |    26 |    27 ||    53
